GULF
DUNEDIN RANGERS @ FORT MYERS MIRACLES
06/23/1982
 
TOP OF THE 1ST
Dunedin Rangers batting - Pitching for Fort Myers Miracles : RHP Jose Bonifilio
Pitching: RHP Jose Bonifilio
Batting: SHB Bryan Little 0-0: Ball
1-0: Foul Ball, location: 2F
1-1: Ball
2-1: Ball
3-1: Base on Balls
Batting: RHB Gary Thurman 0-0: Ball
Bryan Little is caught stealing 2nd base 2-4
1-0: Ball
2-0: Foul Ball, location: 2F
2-1: Ball
3-1: Foul Ball, location: 2F
3-2: Strikes out swinging
Batting: LHB Curt Ford 0-0: Called Strike
0-1: Called Strike
0-2: Ball
1-2: Ground out U3 (Groundball, 23, EV 84.4 MPH)
Top of the 1st over - 0 runs, 0 hits, 0 errors, 0 left on base; Dunedin 0 - Fort Myers 0
BOTTOM OF THE 1ST
Fort Myers Miracles batting - Pitching for Dunedin Rangers : RHP Ronald Sylvia
Pitching: RHP Ronald Sylvia
Batting: SHB Ronnie Chapman 0-0: Ball
1-0: TRIPLE (Flyball, 89XD, EV 91.3 MPH)
Batting: RHB T.J. Stout 0-0: Foul Ball, location: 2F
0-1: Ball
1-1: Swinging Strike
1-2: Ground out U3 (Groundball, 3, EV 87.5 MPH)
Batting: RHB Bobby Hinson 0-0: Ball
1-0: Ball
2-0: Ground out U3 (Groundball, 3, EV 87.5 MPH)
Batting: LHB Abraham Becerra 0-0: Ball
1-0: Swinging Strike
1-1: Ground out 6-3 (Groundball, 6MD, EV 85.6 MPH)
Bottom of the 1st over - 0 runs, 1 hit, 0 errors, 1 left on base; Dunedin 0 - Fort Myers 0
TOP OF THE 2ND
Dunedin Rangers batting - Pitching for Fort Myers Miracles : RHP Jose Bonifilio
Batting: RHB Glenn Wilson 0-0: Ball
1-0: Ball
2-0: DOUBLE (Line Drive, 8RXD, EV 110.0 MPH)
Batting: LHB Ty Van Burkleo 0-0: Foul Ball, location: 2F
0-1: Ball
1-1: Ball
2-1: Ball
3-1: Fly out, F8 (Flyball, 8LM, EV 84.4 MPH)
Batting: RHB John Gibbons 0-0: Swinging Strike
0-1: Swinging Strike
0-2: Ball
1-2: Ball
2-2: Strikes out looking
Batting: LHB Mike L Hart 0-0: Ball
1-0: Called Strike
1-1: Foul Ball, location: 2F
1-2: Ball
2-2: Foul Ball, location: 2F
2-2: Fly out, F7 (Flyball, 7LD, EV 93.8 MPH)
Top of the 2nd over - 0 runs, 1 hit, 0 errors, 1 left on base; Dunedin 0 - Fort Myers 0
BOTTOM OF THE 2ND
Fort Myers Miracles batting - Pitching for Dunedin Rangers : RHP Ronald Sylvia
Batting: RHB Galtero Gioacchini 0-0: Called Strike
0-1: SINGLE (Flyball, 4MD, EV 94.4 MPH)
Batting: RHB Michael Saccocio 0-0: SINGLE (Groundball, 25, EV 70.0 MPH) (infield hit)
Galtero Gioacchini to second
Batting: LHB Rodney Hodde 0-0: Ball
1-0: Ball
2-0: Ball
3-0: Base on Balls
Galtero Gioacchini to third
Michael Saccocio to second
Batting: LHB Stacey Pettis 0-0: Ball
1-0: Swinging Strike
1-1: Ball
2-1: Ball
3-1: Base on Balls
Galtero Gioacchini scores
Michael Saccocio to third
Rodney Hodde to second
Batting: RHB Rico Escobar 0-0: Grounds into double play, 5-4-3 (Groundball, 56, EV 98.8 MPH)
Michael Saccocio scores
Rodney Hodde to third
Batting: SHB Ronnie Chapman 0-0: Called Strike
0-1: Ball
1-1: Ball
2-1: Fly out, F6 (Line Drive, 6, EV 70.0 MPH)
Bottom of the 2nd over - 2 runs, 2 hits, 0 errors, 1 left on base; Dunedin 0 - Fort Myers 2
TOP OF THE 3RD
Dunedin Rangers batting - Pitching for Fort Myers Miracles : RHP Jose Bonifilio
Batting: RHB Edgar Martinez 0-0: Called Strike
0-1: Swinging Strike
0-2: Ball
1-2: Foul Ball, location: 2F
1-2: Ball
2-2: Ball
3-2: Base on Balls
Batting: RHB Ron Gant 0-0: Ball
1-0: Foul Ball, location: 2F
1-1: Ball
2-1: Foul Ball, location: 2F
2-2: Ball
3-2: Base on Balls
Edgar Martinez to second
Batting: SHB Bryan Little 0-0: Ball
1-0: Fielders Choice at 2nd, 5-4 (Groundball, 5, EV 86.9 MPH)
Edgar Martinez to third
Batting: RHB Gary Thurman 0-0: Ball
1-0: Called Strike
1-1: Called Strike
1-2: Ball
2-2: Grounds into double play, 5-4-3 (Groundball, 56S, EV 86.9 MPH)
Top of the 3rd over - 0 runs, 0 hits, 0 errors, 1 left on base; Dunedin 0 - Fort Myers 2
BOTTOM OF THE 3RD
Fort Myers Miracles batting - Pitching for Dunedin Rangers : RHP Ronald Sylvia
Batting: RHB T.J. Stout 0-0: Called Strike
0-1: Swinging Strike
0-2: Ball
1-2: Ground out 6-3 (Groundball, 6, EV 96.9 MPH)
Batting: RHB Bobby Hinson 0-0: Ball
1-0: Foul Ball, location: 2F
1-1: Fly out, F7 (Flyball, 7LM, EV 78.8 MPH)
Batting: LHB Abraham Becerra 0-0: Called Strike
0-1: Swinging Strike
0-2: Strikes out swinging, 2-3 out at first.
Bottom of the 3rd over - 0 runs, 0 hits, 0 errors, 0 left on base; Dunedin 0 - Fort Myers 2
TOP OF THE 4TH
Dunedin Rangers batting - Pitching for Fort Myers Miracles : RHP Jose Bonifilio
Batting: LHB Curt Ford 0-0: Swinging Strike
0-1: Foul Ball, location: 2F
0-2: Ball
1-2: Ball
2-2: Ball
3-2: Foul Ball, location: 2F
3-2: Foul Ball, location: 2F
3-2: Fly out, F4 (Line Drive, 4, EV 70.6 MPH)
Batting: RHB Glenn Wilson 0-0: Swinging Strike
0-1: Ball
1-1: Foul Ball, location: 2F
1-2: Strikes out swinging
Batting: LHB Ty Van Burkleo 0-0: Called Strike
0-1: Called Strike
0-2: Ball
1-2: Foul Ball, location: 2F
1-2: Ball
2-2: Ball
3-2: Foul Ball, location: 2F
3-2: Foul Ball, location: 2F
3-2: DOUBLE (Flyball, 8LXD, EV 95.0 MPH)
Batting: RHB John Gibbons 0-0: Ball
1-0: Called Strike
1-1: Called Strike
1-2: Foul Ball, location: 2F
1-2: Ball
2-2: Foul Ball, location: 2F
2-2: Ball
3-2: Strikes out swinging
Top of the 4th over - 0 runs, 1 hit, 0 errors, 1 left on base; Dunedin 0 - Fort Myers 2
BOTTOM OF THE 4TH
Fort Myers Miracles batting - Pitching for Dunedin Rangers : RHP Ronald Sylvia
Batting: RHB Galtero Gioacchini 0-0: Foul Ball, location: 2F
0-1: Swinging Strike
0-2: Hit by Pitch
Batting: RHB Michael Saccocio 0-0: Grounds into double play, 6-4-3 (Groundball, 6, EV 103.1 MPH)
Batting: LHB Rodney Hodde 0-0: Called Strike
0-1: Ball
1-1: Foul Ball, location: 2F
1-2: Ball
2-2: Ball
3-2: Fly out, F6 (Line Drive, 6, EV 65.0 MPH)
Bottom of the 4th over - 0 runs, 0 hits, 0 errors, 0 left on base; Dunedin 0 - Fort Myers 2
TOP OF THE 5TH
Dunedin Rangers batting - Pitching for Fort Myers Miracles : RHP Jose Bonifilio
Batting: LHB Mike L Hart 0-0: Ball
1-0: Ball
2-0: SINGLE (Groundball, 4M, EV 99.4 MPH) (infield hit)
Batting: RHB Edgar Martinez 0-0: Bunted foul
0-1: Sac Bunt to 3S - play at first, batter OUT! 3-4
Mike L Hart to second
Batting: RHB Ron Gant 0-0: Fly out, F8 (Flyball, 89D, EV 98.8 MPH)
Runner from 2nd tags up, SAFE at 3rd, no throw by CF
Batting: SHB Bryan Little 0-0: Ball
1-0: Called Strike
1-1: Foul Ball, location: 2F
1-2: SINGLE (Groundball, 4MD, EV 100.6 MPH)
Mike L Hart scores
Batting: RHB Gary Thurman 0-0: Ball
1-0: Foul Ball, location: 2F
1-1: Ball
2-1: Called Strike
Bryan Little steals 2nd base
2-2: Strikes out swinging
Top of the 5th over - 1 run, 2 hits, 0 errors, 1 left on base; Dunedin 1 - Fort Myers 2
BOTTOM OF THE 5TH
Fort Myers Miracles batting - Pitching for Dunedin Rangers : RHP Ronald Sylvia
Batting: LHB Stacey Pettis 0-0: Called Strike
0-1: Called Strike
0-2: Ball
1-2: Fly out, F8 (Flyball, 89XD, EV 84.4 MPH)
Batting: RHB Rico Escobar 0-0: Called Strike
0-1: Ball
1-1: Ball
2-1: Foul Ball, location: 2F
2-2: Ball
3-2: Fly out, F9 (Flyball, 89D, EV 88.8 MPH)
Batting: SHB Ronnie Chapman 0-0: Ball
1-0: Foul Ball, location: 2F
1-1: Ball
2-1: Fly out, F4 (Flyball, 4D, EV 76.9 MPH)
Bottom of the 5th over - 0 runs, 0 hits, 0 errors, 0 left on base; Dunedin 1 - Fort Myers 2
TOP OF THE 6TH
Dunedin Rangers batting - Pitching for Fort Myers Miracles : RHP Jose Bonifilio
Batting: LHB Curt Ford 0-0: Ground out 6-3 (Groundball, 6, EV 78.1 MPH)
Batting: RHB Glenn Wilson 0-0: Ball
1-0: Foul Ball, location: 2F
1-1: Fly out, F8 (Line Drive, 8LD, EV 95.6 MPH)
Batting: LHB Ty Van Burkleo 0-0: Ball
1-0: Ground out 4-3 (Groundball, 4, EV 86.9 MPH)
Top of the 6th over - 0 runs, 0 hits, 0 errors, 0 left on base; Dunedin 1 - Fort Myers 2
BOTTOM OF THE 6TH
Fort Myers Miracles batting - Pitching for Dunedin Rangers : RHP Ronald Sylvia
Batting: RHB T.J. Stout 0-0: Foul Ball, location: 2F
0-1: Swinging Strike
0-2: Foul Ball, location: 2F
0-2: Fly out, F8 (Flyball, 8LD, EV 95.6 MPH)
Batting: RHB Bobby Hinson 0-0: Ball
1-0: Ball
2-0: Ball
3-0: Called Strike
3-1: Ground out 6-3 (Groundball, 6MD, EV 96.9 MPH)
Batting: LHB Abraham Becerra 0-0: Foul Ball, location: 2F
0-1: Ball
1-1: Swinging Strike
1-2: Ball
2-2: Foul Ball, location: 2F
2-2: Ball
3-2: Base on Balls
Batting: RHB Galtero Gioacchini 0-0: Fly out, F9 (Flyball, 9S, EV 91.3 MPH)
Bottom of the 6th over - 0 runs, 0 hits, 0 errors, 1 left on base; Dunedin 1 - Fort Myers 2
TOP OF THE 7TH
Dunedin Rangers batting - Pitching for Fort Myers Miracles : RHP Jose Bonifilio
Batting: RHB John Gibbons 0-0: Called Strike
0-1: Called Strike
0-2: Strikes out swinging, 2-3 out at first.
Batting: LHB Mike L Hart 0-0: Called Strike
0-1: Ground out 6-3 (Groundball, 6, EV 80.0 MPH)
Batting: RHB Edgar Martinez 0-0: Ball
1-0: SINGLE (Flyball, 4D, EV 90.0 MPH)
Pinch Hitting: LHB La Schelle Tarver 0-0: Called Strike
0-1: Ball
1-1: Ball
2-1: Foul Ball, location: 2F
2-2: Strikes out looking
Top of the 7th over - 0 runs, 1 hit, 0 errors, 1 left on base; Dunedin 1 - Fort Myers 2
BOTTOM OF THE 7TH
Fort Myers Miracles batting - Pitching for Dunedin Rangers : RHP Ronald Sylvia
Now at 2B: Craig Goodin
Batting: RHB Michael Saccocio 0-0: Called Strike
0-1: Fly out, F8 (Flyball, 89D, EV 100.6 MPH)
Batting: LHB Rodney Hodde 0-0: Ball
1-0: Fly out, F8 (Line Drive, 8RM, EV 95.0 MPH)
Batting: LHB Stacey Pettis 0-0: Foul Ball, location: 2F
0-1: Foul Ball, location: 2F
0-2: Strikes out swinging
Bottom of the 7th over - 0 runs, 0 hits, 0 errors, 0 left on base; Dunedin 1 - Fort Myers 2
TOP OF THE 8TH
Dunedin Rangers batting - Pitching for Fort Myers Miracles : RHP Jose Bonifilio
Batting: SHB Bryan Little 0-0: Called Strike
0-1: Ground out 4-3 (Groundball, 4, EV 100.0 MPH)
Batting: RHB Gary Thurman 0-0: Called Strike
0-1: Swinging Strike
0-2: Ball
1-2: Ball
2-2: Strikes out swinging
Batting: LHB Curt Ford 0-0: Ground out 6-3 (Groundball, 6, EV 101.3 MPH)
Top of the 8th over - 0 runs, 0 hits, 0 errors, 0 left on base; Dunedin 1 - Fort Myers 2
BOTTOM OF THE 8TH
Fort Myers Miracles batting - Pitching for Dunedin Rangers : RHP Ronald Sylvia
Batting: RHB Rico Escobar 0-0: Called Strike
0-1: Ball
1-1: DOUBLE (Flyball, 8RXD, EV 91.9 MPH)
Batting: SHB Ronnie Chapman 0-0: Called Strike
0-1: Fly out, F8 (Flyball, 8LS, EV 88.1 MPH)
Batting: RHB T.J. Stout 0-0: Called Strike
0-1: Ball
1-1: Ground out 6-3 (Groundball, 6, EV 87.5 MPH)
Rico Escobar to third
Batting: RHB Bobby Hinson 0-0: Swinging Strike
0-1: Ground out 4-3 (Groundball, 4S, EV 68.1 MPH)
Bottom of the 8th over - 0 runs, 1 hit, 0 errors, 1 left on base; Dunedin 1 - Fort Myers 2
TOP OF THE 9TH
Dunedin Rangers batting - Pitching for Fort Myers Miracles : RHP Jose Bonifilio
Batting: RHB Glenn Wilson 0-0: Called Strike
0-1: Fly out, F7 (Flyball, 7LM, EV 105.0 MPH)
Batting: LHB Ty Van Burkleo 0-0: Called Strike
0-1: Ball
1-1: Called Strike
1-2: Ball
2-2: Strikes out swinging
Pinch Hitting: LHB David Thielker 0-0: Ball
1-0: Fly out, F7 (Flyball, 7D, EV 96.3 MPH)
Top of the 9th over - 0 runs, 0 hits, 0 errors, 0 left on base; Dunedin 1 - Fort Myers 2
Monday, August 10th, 2020 - OOTP Baseball 21.5 Build 76